[ AOE2 MATCH · #484192545 ]
Team RMMongols vs Inca
[ REPLAY ANALYSIS · EXTRACTED FROM THE RECORDED GAME ]
Feudal
15:34
Castle
19:37
Imperial
—
| APM avg | 24.7 |
| APM peak | 40 |
| eAPM avg | 11.2 |
| Villagers / military | 31 / 0 |
Focus
⚔️ 16.0% · 🌾 84.0%
Fishing Ship ×11
Feudal
13:54
Castle
19:55
Imperial
—
| APM avg | 24.1 |
| APM peak | 56 |
| eAPM avg | 8.3 |
| Villagers / military | 34 / 8 |
Focus
⚔️ 25.7% · 🌾 74.3%
Fishing Ship ×11 · Archer ×7 · Unknown (2550) ×4 · Spearman ×1
Feudal
15:08
Castle
—
Imperial
—
| APM avg | 26.0 |
| APM peak | 54 |
| eAPM avg | 10.0 |
| Villagers / military | 27 / 9 |
Focus
⚔️ 22.7% · 🌾 77.3%
Fishing Ship ×10 · Militia ×6 · Battering Ram ×2 · Spearman ×1 · Unknown (2626) ×1
Feudal
12:56
Castle
21:11
Imperial
—
| APM avg | 37.5 |
| APM peak | 63 |
| eAPM avg | 14.6 |
| Villagers / military | 41 / 11 |
Focus
⚔️ 13.5% · 🌾 86.5%
Fishing Ship ×4 · Scout Cavalry ×4 · Spearman ×3 · Fire Galley ×3 · Knight ×1
Match map
Initial resources + every placement click. Lines = walls · curves = elevation contours. ◆ gold · ⬟ stone · ● berries · ✦ relic · ◌ wall gap
Your base· Open — 8t gap
voodoomsr's base· Open — unwalled flank
gitPushOriginMaster's base· Open — 7t gap
[CL]Alquimista's base· Open — 5t gap
Smoothed initial terrain · ◌ = detected wall gap · hover for details
Inputs per minute
— The Venator - - voodoomsr
Build order — The Venator
87 actions detected in the replay
| 0:05 | Build | Town Center |
| 1:13 | Build | Dock |
| 1:17 | Build | House |
| 1:27 | Build | House |
| 2:29 | Create | Villager (Male) |
| 2:30 | Create | Villager (Male) |
| 2:30 | Create | Villager (Male) |
| 3:02 | Create | Villager (Male) |
| 3:52 | Create | Fishing Ship |
| 4:20 | Build | House |
| 4:21 | Research | Loom |
| 4:51 | Create | Villager (Male) |
| 5:33 | Create | Fishing Ship |
| 5:42 | Create | Villager (Male) |
| 6:12 | Create | Villager (Male) |
| 6:25 | Build | House |
| 6:37 | Create | Villager (Male) |
| 7:15 | Create | Villager (Male) |
| 7:36 | Create | Fishing Ship |
| 7:53 | Create | Villager (Male) |
| 7:54 | Create | Villager (Male) |
| 8:03 | Create | Villager (Male) |
| 8:10 | Create | Villager (Male) |
| 8:30 | Build | House |
| 8:39 | Create | Fishing Ship |
| 9:03 | Create | Villager (Male) |
| 9:26 | Create | Fishing Ship |
| 10:07 | Create | Villager (Male) |
| 10:12 | Build | House |
| 10:16 | Create | Fishing Ship |
| 10:32 | Build | Dock |
| 10:35 | Create | Villager (Male) |
| 10:49 | Create | Villager (Male) |
| 10:53 | Build | House |
| 10:54 | Build | Palisade Wall |
| 11:01 | Create | Fishing Ship |
| 11:02 | Create | Villager (Male) |
| 11:12 | Create | Fishing Ship |
| 11:33 | Build | Palisade Wall |
| 11:45 | Build | Palisade Wall |
| 11:48 | Build | Palisade Wall |
| 11:51 | Create | Fishing Ship |
| 11:52 | Create | Villager (Male) |
| 11:52 | Create | Villager (Male) |
| 12:19 | Build | Palisade Wall |
| 12:21 | Build | Palisade Wall |
| 12:41 | Build | Mining Camp |
| 13:17 | Build | Palisade Wall |
| 13:20 | Create | Villager (Male) |
| 13:22 | Research | Feudal Age |
| 13:45 | Build | Mill |
| 13:52 | Create | Fishing Ship |
| 13:54 | Create | Fishing Ship |
| 14:04 | Build | House |
| 14:29 | Build | Palisade Wall |
| 14:58 | Build | House |
| 15:34 | Age | Feudal Age |
| 15:37 | Create | Villager (Male) |
| 15:47 | Build | Blacksmith |
| 15:56 | Build | Market |
| 16:07 | Create | Villager (Male) |
| 16:20 | Create | Villager (Male) |
| 16:31 | Build | Palisade Gate |
| 16:34 | Build | Palisade Wall |
| 16:42 | Build | Palisade Wall |
| 16:48 | Research | Castle Age |
| 17:00 | Build | Lumber Camp |
| 17:09 | Build | Lumber Camp |
| 17:39 | Build | Palisade Wall |
| 17:42 | Create | Villager (Male) |
| 17:45 | Research | Double-Bit Axe |
| 18:23 | Build | Mining Camp |
| 18:32 | Research | Stone Mining |
| 19:37 | Age | Castle Age |
| 19:39 | Build | Palisade Wall |
| 19:41 | Create | Villager (Male) |
| 19:54 | Build | Town Center |
| 20:07 | Research | Bow Saw |
| 20:07 | Create | Villager (Male) |
| 20:31 | Create | Villager (Male) |
| 20:55 | Research | Tech 906 |
| 21:04 | Build | Barracks |
| 21:08 | Create | Villager (Male) |
| 21:28 | Create | Villager (Male) |
| 21:32 | Create | Villager (Male) |
| 21:37 | Build | House |
| 21:50 | Research | Wheelbarrow |
Build order — voodoomsr
84 actions detected in the replay
| 0:25 | Build | Town Center |
| 1:26 | Build | Dock |
| 2:09 | Build | House |
| 2:53 | Create | Villager (Male) |
| 2:53 | Create | Villager (Male) |
| 3:44 | Create | Villager (Male) |
| 3:46 | Create | Villager (Male) |
| 4:13 | Create | Villager (Male) |
| 4:57 | Create | Villager (Male) |
| 5:20 | Create | Villager (Male) |
| 5:50 | Create | Villager (Male) |
| 5:57 | Create | Fishing Ship |
| 6:15 | Create | Villager (Male) |
| 6:23 | Build | House |
| 6:38 | Create | Villager (Male) |
| 6:40 | Create | Fishing Ship |
| 7:04 | Create | Villager (Male) |
| 7:32 | Create | Villager (Male) |
| 7:40 | Build | Settlement |
| 7:57 | Create | Villager (Male) |
| 8:19 | Create | Fishing Ship |
| 8:20 | Create | Villager (Male) |
| 8:46 | Create | Villager (Male) |
| 9:11 | Create | Villager (Male) |
| 9:13 | Create | Fishing Ship |
| 9:39 | Create | Villager (Male) |
| 9:57 | Create | Fishing Ship |
| 10:00 | Create | Villager (Male) |
| 10:26 | Create | Villager (Male) |
| 10:54 | Create | Villager (Male) |
| 10:56 | Research | Loom |
| 10:58 | Research | Feudal Age |
| 11:25 | Build | Dock |
| 12:01 | Create | Fishing Ship |
| 12:03 | Create | Fishing Ship |
| 13:11 | Build | Barracks |
| 13:54 | Age | Feudal Age |
| 13:56 | Create | Villager (Male) |
| 13:57 | Research | Double-Bit Axe |
| 14:07 | Create | Unit 2550 |
| 14:19 | Build | House |
| 14:26 | Build | House |
| 14:29 | Create | Villager (Male) |
| 14:36 | Create | Fishing Ship |
| 14:36 | Create | Fishing Ship |
| 14:41 | Research | Tech 906 |
| 14:48 | Create | Villager (Male) |
| 15:12 | Build | Archery Range |
| 15:24 | Create | Villager (Male) |
| 15:52 | Build | Dock |
| 15:57 | Create | Villager (Male) |
| 16:11 | Build | Blacksmith |
| 16:41 | Create | Archer |
| 16:43 | Create | Fishing Ship |
| 16:50 | Create | Villager (Male) |
| 16:51 | Create | Villager (Male) |
| 16:57 | Research | Castle Age |
| 17:15 | Build | Archery Range |
| 17:17 | Create | Villager (Male) |
| 17:35 | Create | Fishing Ship |
| 17:50 | Create | Villager (Male) |
| 18:10 | Create | Archer |
| 18:11 | Create | Archer |
| 18:12 | Research | Fletching |
| 18:58 | Create | Archer |
| 18:58 | Create | Archer |
| 18:59 | Create | Spearman |
| 19:10 | Create | Villager (Male) |
| 19:31 | Research | Padded Archer Armor |
| 19:53 | Create | Archer |
| 19:53 | Create | Archer |
| 19:55 | Age | Castle Age |
| 19:59 | Create | Villager (Male) |
| 20:14 | Build | Town Center |
| 20:23 | Research | Crossbowman (upgrade) |
| 20:40 | Create | Villager (Male) |
| 20:51 | Research | Thumb Ring |
| 20:54 | Create | Villager (Male) |
| 21:02 | Create | Unit 2550 |
| 21:08 | Build | Barracks |
| 21:38 | Create | Unit 2550 |
| 21:39 | Create | Unit 2550 |
| 21:42 | Research | Tech 1402 |
| 21:50 | Create | Villager (Male) |
Build order — gitPushOriginMaster
69 actions detected in the replay
| 1:20 | Build | Town Center |
| 2:06 | Build | Dock |
| 3:29 | Create | Villager (Male) |
| 3:29 | Create | Villager (Male) |
| 3:29 | Create | Villager (Male) |
| 3:30 | Create | Villager (Male) |
| 3:30 | Create | Villager (Male) |
| 3:45 | Build | House |
| 3:57 | Research | Loom |
| 4:08 | Build | House |
| 4:53 | Create | Fishing Ship |
| 5:39 | Create | Fishing Ship |
| 6:31 | Create | Villager (Male) |
| 6:32 | Create | Villager (Male) |
| 6:34 | Create | Fishing Ship |
| 7:19 | Create | Villager (Male) |
| 7:39 | Create | Fishing Ship |
| 7:47 | Build | House |
| 7:52 | Create | Villager (Male) |
| 8:26 | Create | Villager (Male) |
| 8:28 | Create | Villager (Male) |
| 8:30 | Create | Fishing Ship |
| 8:38 | Build | House |
| 8:48 | Create | Villager (Male) |
| 8:48 | Create | Villager (Male) |
| 9:16 | Create | Fishing Ship |
| 9:47 | Create | Villager (Male) |
| 10:07 | Create | Fishing Ship |
| 10:16 | Create | Villager (Male) |
| 10:19 | Create | Villager (Male) |
| 10:28 | Create | Villager (Male) |
| 10:33 | Create | Fishing Ship |
| 10:37 | Build | House |
| 10:47 | Create | Villager (Male) |
| 11:06 | Create | Fishing Ship |
| 11:22 | Create | Villager (Male) |
| 11:40 | Create | Fishing Ship |
| 12:17 | Build | Mining Camp |
| 12:21 | Create | Villager (Male) |
| 12:33 | Create | Villager (Male) |
| 12:53 | Build | House |
| 12:58 | Research | Feudal Age |
| 13:29 | Build | Mining Camp |
| 14:02 | Build | Barracks |
| 15:08 | Age | Feudal Age |
| 15:14 | Create | Unit 2626 |
| 15:27 | Build | Fish Trap |
| 15:29 | Build | Fish Trap |
| 15:36 | Create | Militia |
| 15:36 | Create | Militia |
| 16:09 | Build | Blacksmith |
| 16:56 | Build | Siege Workshop |
| 16:58 | Research | Man-at-Arms (upgrade) |
| 16:59 | Create | Militia |
| 17:10 | Create | Villager (Male) |
| 17:10 | Create | Villager (Male) |
| 17:30 | Create | Militia |
| 18:03 | Build | House |
| 18:32 | Build | House |
| 18:35 | Create | Battering Ram |
| 18:38 | Create | Militia |
| 19:06 | Build | House |
| 19:20 | Create | Battering Ram |
| 19:22 | Create | Militia |
| 19:32 | Create | Spearman |
| 19:46 | Create | Villager (Male) |
| 19:48 | Create | Villager (Male) |
| 20:50 | Create | Villager (Male) |
| 20:51 | Create | Villager (Male) |
Build order — [CL]Alquimista
83 actions detected in the replay
| 0:13 | Build | Town Center |
| 2:17 | Create | Villager (Male) |
| 2:17 | Create | Villager (Male) |
| 2:17 | Create | Villager (Male) |
| 2:17 | Create | Villager (Male) |
| 2:18 | Create | Villager (Male) |
| 3:17 | Research | Loom |
| 3:46 | Create | Villager (Male) |
| 3:46 | Create | Villager (Male) |
| 3:46 | Create | Villager (Male) |
| 4:02 | Create | Villager (Male) |
| 4:02 | Create | Villager (Male) |
| 4:34 | Create | Villager (Male) |
| 4:35 | Create | Villager (Male) |
| 5:18 | Create | Villager (Male) |
| 5:18 | Create | Villager (Male) |
| 6:01 | Create | Villager (Male) |
| 6:02 | Create | Villager (Male) |
| 6:53 | Create | Villager (Male) |
| 6:53 | Create | Villager (Male) |
| 7:02 | Build | Dock |
| 7:34 | Create | Villager (Male) |
| 7:34 | Create | Villager (Male) |
| 7:54 | Create | Fishing Ship |
| 8:31 | Create | Villager (Male) |
| 8:32 | Create | Villager (Male) |
| 8:52 | Create | Villager (Male) |
| 9:02 | Create | Fishing Ship |
| 9:40 | Create | Villager (Male) |
| 9:44 | Create | Fishing Ship |
| 10:13 | Build | Mill |
| 10:18 | Create | Villager (Male) |
| 10:46 | Research | Feudal Age |
| 11:08 | Build | Mining Camp |
| 11:25 | Build | Barracks |
| 11:30 | Create | Villager (Male) |
| 11:45 | Create | Villager (Male) |
| 11:49 | Create | Fishing Ship |
| 12:23 | Create | Villager (Male) |
| 12:30 | Build | Lumber Camp |
| 12:56 | Age | Feudal Age |
| 13:13 | Create | Spearman |
| 13:13 | Create | Spearman |
| 13:26 | Create | Fire Galley |
| 13:28 | Create | Villager (Male) |
| 14:01 | Create | Spearman |
| 14:06 | Create | Villager (Male) |
| 14:10 | Create | Fire Galley |
| 14:14 | Research | Double-Bit Axe |
| 14:43 | Create | Villager (Male) |
| 14:48 | Create | Fire Galley |
| 15:08 | Build | Farm |
| 15:08 | Build | Farm |
| 15:08 | Build | Farm |
| 15:33 | Create | Villager (Male) |
| 15:33 | Create | Villager (Male) |
| 15:43 | Build | Farm |
| 15:45 | Create | Villager (Male) |
| 16:01 | Build | Stable |
| 16:46 | Create | Villager (Male) |
| 16:52 | Build | Archery Range |
| 17:25 | Build | Mining Camp |
| 17:39 | Create | Villager (Male) |
| 17:39 | Create | Villager (Male) |
| 18:06 | Create | Villager (Male) |
| 18:12 | Build | Farm |
| 18:23 | Research | Castle Age |
| 18:34 | Build | Lumber Camp |
| 18:59 | Create | Scout Cavalry |
| 19:17 | Create | Villager (Male) |
| 19:31 | Create | Scout Cavalry |
| 19:35 | Build | Farm |
| 19:43 | Build | Farm |
| 19:44 | Build | Farm |
| 19:51 | Research | Horse Collar |
| 20:28 | Create | Villager (Male) |
| 21:02 | Create | Villager (Male) |
| 21:04 | Create | Scout Cavalry |
| 21:04 | Create | Scout Cavalry |
| 21:11 | Age | Castle Age |
| 21:20 | Build | Market |
| 21:25 | Create | Knight |
| 21:45 | Build | Blacksmith |
Match timeline
| 1:13 | The Venator · first_building Dock |
| 1:26 | voodoomsr · first_building Dock |
| 2:06 | gitPushOriginMaster · first_building Dock |
| 7:02 | [CL]Alquimista · first_building Dock |
| 10:54 | The Venator · wall_segment Palisade Wall x1 |
| 11:25 | [CL]Alquimista · first_building Barracks |
| 11:33 | The Venator · wall_segment Palisade Wall x6 |
| 11:45 | The Venator · wall_segment Palisade Wall x4 |
| 11:48 | The Venator · wall_segment Palisade Wall x3 |
| 12:19 | The Venator · wall_segment Palisade Wall x1 |
| 12:21 | The Venator · wall_segment Palisade Wall x1 |
| 12:56 | [CL]Alquimista · age_up feudal |
| 13:11 | voodoomsr · first_building Barracks |
| 13:17 | The Venator · wall_segment Palisade Wall x5 |
| 13:54 | voodoomsr · age_up feudal |
| 14:02 | gitPushOriginMaster · first_building Barracks |
| 14:29 | The Venator · wall_segment Palisade Wall x1 |
| 15:08 | gitPushOriginMaster · age_up feudal |
| 15:12 | voodoomsr · first_building Archery Range |
| 15:34 | The Venator · age_up feudal |
| 16:01 | [CL]Alquimista · first_building Stable |
| 16:34 | The Venator · wall_segment Palisade Wall x1 |
| 16:42 | The Venator · wall_segment Palisade Wall x5 |
| 16:52 | [CL]Alquimista · first_building Archery Range |
| 16:56 | gitPushOriginMaster · first_building Siege Workshop |
| 17:39 | The Venator · wall_segment Palisade Wall x3 |
| 19:37 | The Venator · age_up castle |
| 19:39 | The Venator · wall_segment Palisade Wall x2 |
| 19:55 | voodoomsr · age_up castle |
| 21:04 | The Venator · first_building Barracks |
| 21:11 | [CL]Alquimista · age_up castle |
| 21:48 | gitPushOriginMaster · resign |
| 21:57 | [CL]Alquimista · first_market_buy 100 stone |
[ AI ANALYSIS · 1 CREDIT ]
What really happened in this match?
Wolo.gg analyzes every decision: build order, eco, micro, common mistakes by bracket. Personalized analysis on WhatsApp or Discord in 30 seconds.
Civ guide
Mongols
Map guide
Nomad
Perfil
The Venator